 Dungeon Crawl Stone Soup version 0.23-a0-455-ge12115f (webtiles) character file.

43715 Azzok the Eclecticist (level 13, -6/72 HPs)
             Began as a Deep Elf Fire Elementalist on Nov 24, 2018.
             Was an Elder of Vehumet.
             Mangled by a dire elephant (28 damage)
             ... on level 6 of the Lair of Beasts.
             The game lasted 00:39:26 (23608 turns).

Azzok the Eclecticist (Deep Elf Fire Elementalist) Turns: 23608, Time: 00:39:27

Health: -6/72      AC:  7    Str:  5    XL:     13   Next: 92%
Magic:  2/35       EV: 19    Int: 26    God:    Vehumet [****..]
Gold:   1006       SH:  0    Dex: 15    Spells: 26/44 levels left

rFire    + . .     SeeInvis .   L - +5 scimitar
rCold    x . .     Gourm    .   (no shield)
rNeg     . . .     Faith    +   O - +0 troll leather armour
rPois    .         Spirit   .   M - +0 helmet
rElec    .         Reflect  .   k - +0 cloak
rCorr    .         Harm     .   (no gloves)
MR       +....                  J - +0 pair of boots (curse)
Stlth    ++........             u - amulet of faith
HPRegen  0.62/turn              X - +2 ring of evasion
MPRegen  0.24/turn              h - ring of fire

@: no status effects
A: no striking features
a: Renounce Religion


You were on level 6 of the Lair of Beasts.
You worshipped Vehumet.
Vehumet was greatly pleased with you.
You were not hungry.

You visited 3 branches of the dungeon, and saw 17 of its levels.

You collected 1006 gold pieces.

Inventory:

Hand Weapons
 L - a +5 scimitar (weapon)
Missiles
 z - 7 throwing nets (quivered)
Armour
 k - a +0 cloak (worn)
 J - a cursed +0 pair of boots (worn)
 M - a +0 helmet (worn)
 O - a +0 troll leather armour (worn)
Jewellery
 h - a ring of fire (right hand)
 o - an uncursed ring of protection from cold
 s - an uncursed ring of wizardry
 u - an amulet of faith (around neck)
 N - an uncursed ring of resist corrosion
 Q - an uncursed ring of protection from magic
 X - a +2 ring of evasion (left hand)
Wands
 G - a wand of iceblast (11)
 W - a wand of acid (8)
Scrolls
 a - a scroll of magic mapping
 b - 3 scrolls of amnesia
 g - 9 scrolls of enchant armour
 j - a scroll of immolation {unknown}
 t - 2 scrolls of fog {unknown}
 v - 6 scrolls of remove curse
 w - 3 scrolls of blinking {unknown}
 A - 5 scrolls of identify
 C - 3 scrolls of fear {unknown}
 F - a scroll of random uselessness {unknown}
 I - a scroll of noise {unknown}
 K - a scroll of holy word {unknown}
 U - a scroll of summoning {unknown}
 V - a scroll of teleportation
 Z - a scroll of acquirement {unknown}
Potions
 d - a potion of invisibility
 e - a potion of resistance
 i - 8 potions of flight
 l - 3 potions of lignification
 p - 5 potions of brilliance {unknown}
 q - 3 potions of heal wounds
 r - 3 potions of mutation {!q}
 x - 3 potions of magic {unknown}
 B - a potion of haste
 E - 4 potions of agility
 H - 4 potions of curing
 P - 2 potions of might {unknown}
 R - a potion of berserk rage {unknown}
 S - a potion of ambrosia {unknown}
Miscellaneous
 T - a phantom mirror
Comestibles
 c - 35 rations
 f - 7 chunks of flesh


   Skills:
 - Level 5.0 Fighting
 - Level 10.0 Dodging
 - Level 2.4 Stealth
 + Level 16.1 Spellcasting
 + Level 13.7 Conjurations
 + Level 14.0 Fire Magic


You had 26 spell levels left.
You knew the following spells:

 Your Spells              Type           Power        Failure   Level  Hunger
a - Flame Tongue          Conj/Fire      #####        0%          1    None
b - Conjure Flame         Conj/Fire      #######.     1%          3    None
c - Sticky Flame          Conj/Fire      #######.     1%          4    None
d - Fireball              Conj/Fire      #######...   1%          5    None
e - Venom Bolt            Conj/Pois      ######....   1%          5    None

Your spell library contained the following spells:

 Spells                   Type           Power        Failure   Level  Hunger
 Conjure Ball Lightning   Conj/Air       ######....   11%         6    ####...
 Magic Dart               Conj           ####         0%          1    None
 Throw Flame              Conj/Fire      ######       0%          2    None
 Sting                    Conj/Pois      ####         1%          1    None
 Inner Flame              Hex/Fire       ######..     1%          3    None
 Mephitic Cloud           Conj/Pois/Air  #####...     1%          3    None
 Confusing Touch          Hex            ###...       4%          1    None
 Corona                   Hex            ###....      4%          1    None
 Blink                    Tloc           N/A          6%          2    None
 Call Imp                 Summ           ###.....     6%          2    None
 Poisonous Vapours        Pois/Air       ###...       6%          2    None
 Slow                     Hex            ###.....     6%          2    None
 Olgreb's Toxic Radiance  Pois           ###.....     11%         4    None
 Confuse                  Hex            ###.....     12%         3    None
 Gell's Gravitas          Tloc           ###.......   12%         3    None
 Portal Projectile        Hex/Tloc       ###...       12%         3    None
 Yara's Violent Unravell  Hex/Tmut       ###.......   28%         5    None
 Cause Fear               Hex            ###.......   38%         4    None
 Leda's Liquefaction      Hex/Erth       ###.......   38%         4    None
 Petrify                  Tmut/Erth      ###.....     38%         4    None
 Metabolic Englaciation   Hex/Ice        ###.......   75%         5    None


Dungeon Overview and Level Annotations

Branches:
Dungeon (10/15)            Temple (1/1) D:7            Lair (6/6) D:10
 Shoals (0/4) Lair:3       Spider (0/4) Lair:4        Slime (0/5) Lair:6
    Orc (0/2) D:10

Altars:
Ashenzari
Cheibriados
Elyvilon
Fedhas
Gozag
Hepliaklqana
Kikubaaqudgha
Makhleb
Nemelex Xobeh
Qazlal
Ru
Sif Muna
Trog
Uskayaw
Vehumet
Wu Jian
Xom
Yredelemnul
Zin
The Shining One
Jiyva

Annotations:
Lair:6 1 runed door


Message History

The dire elephant tramples you!!
You stumble backwards!
The dire elephant tramples you!!
You hold your ground!
The dire elephant closely misses you.
You hit the dire elephant but do no damage.
The dire elephant is almost dead.
The dire elephant closely misses you.
You riposte.
You hit the dire elephant.
The dire elephant is almost dead.
The dire elephant trunk-slaps you!
* * * LOW HITPOINT WARNING * * *
Okay, then.
Evoke which item? (* to show all) (? for menu, Esc to quit)
Aiming: Corrosive Bolt
Press: ? - help, Shift-Dir - straight line, f/p - dire elephant
Aim: a dire elephant (almost dead)
The bolt of acid hits the dire elephant.
The dire elephant is splashed with acid.
The acid corrodes the dire elephant!
The dire elephant is almost dead.
The dire elephant tramples you!!
You die...

▒▒·····▒·▒≈≈≈≈≈≈▒ ▒
▒▒··▒·▒·▒▒≈≈≈·P▒ ▒
▒····▒··▒≈P··▒▒ ▒
▒▒▒▒··▒▒·▒▒▒▒÷▒▒ ▒
▒·▒···♣▒···▒8·8▒ ▒
▒·▒····▒▒▒·▒···▒▒▒ ▒▒
▒·······▒▒·▒▒··▒·▒
·▒▒▒▒▒·······♣▒··▒··'·▒▒▒
···▒▒········♣▒▒@▒··'···▒
··▒··········♣ ▒Y▒▒▒▒▒··▒
············♣▒
▒···8▒···▒▒ ············▒
▒▒▒··'····▒ ···········♣▒
╬··†▒····▒ ···········▒
▒▒▒▒▒····▒ ···········▒
▒▒··▒▒ ···········▒ ▒··▒
···········▒ ♣··▒


You could see a dire elephant.

Vanquished Creatures
  An acid blob (Lair:6)
  3 dire elephants (Lair:6)
  6 death oozes (Lair:6)
  2 hydras
  A catoblepas (Lair:5)
  An anaconda (Lair:6)
  2 two-headed ogres
  Urug (Lair:6)
  Sonja (Lair:6)
  Pikel (D:7)
  A deep elf mage (D:10)
  9 elephants
  4 oklob plants (Lair:6)
  A merfolk siren (Lair:3)
  2 black mambas
  Psyche (D:9)
  6 spiny frogs
  6 komodo dragons
  3 trolls
  15 blink frogs
  2 slime creatures (Lair:6)
  A polar bear (Lair:6)
  5 hippogriffs
  A spriggan (D:10)
  Sigmund (D:6)
  5 wyverns
  Eustachio (D:6)
  20 yaks
  A human (D:10)
  A hungry ghost (D:10)
  3 basilisks
  Menkaure (D:5)
  7 water moccasins
  5 porcupines
  9 orc warriors
  4 ice beasts
  5 sky beasts
  3 slaves (D:7)
  4 phantoms
  A black bear (D:9)
  14 wolves
  8 ogres
  4 centaurs
  8 crocodiles
  Blork the orc (D:5)
  17 bullfrogs
  A water moccasin zombie (D:5)
  7 scorpions
  3 killer bees (D:10)
  2 howler monkeys
  5 wights (D:10)
  5 crimson imps
  2 bullfrog zombies
  A quasit (D:8)
  5 hounds
  13 jellies
  7 orc priests
  A centaur skeleton (D:9)
  9 orc wizards
  6 gnoll shamans
  11 worker ants
  2 hound skeletons
  20 gnolls
  16 adders
  4 oozes (Lair:6)
  2 adder zombies
  7 worms
  A dart slug (D:3)
  5 leopard geckos
  37 orcs
  A ball python (D:2)
  5 giant cockroaches
  12 goblins
  7 hobgoblins
  3 iguanas
  7 jackals
  9 kobolds
  6 quokkas
  7 bats
  3 frilled lizards
  A giant cockroach zombie (D:5)
  2 jackal skeletons
  A leopard gecko skeleton (D:6)
  A quokka skeleton (D:6)
  A quokka zombie (D:7)
  5 rats
  5 fungi
  6 plants
453 creatures vanquished.

Vanquished Creatures (others)
  A jelly (D:7)
  An orc wizard (D:7)
  2 orcs (D:7)
  A kobold (D:1)
  A bush (Lair:6)
  23 fungi
  17 plants
46 creatures vanquished.

Grand Total: 499 creatures vanquished

Notes
Turn   | Place    | Note
-------+----------+-------------------------------------------
     0 | D:1      | Azzok the Deep Elf Fire Elementalist began the quest for
                  | the Orb.
     0 | D:1      | Reached XP level 1. HP: 10/10 MP: 6/6
   278 | D:1      | Reached XP level 2. HP: 10/15 MP: 5/8
   898 | D:2      | Reached XP level 3. HP: 16/19 MP: 0/10
  1143 | D:2      | Found a shimmering altar of Xom.
  1546 | D:2      | Reached skill level 4 in Spellcasting
  1546 | D:2      | Reached XP level 4. HP: 24/24 MP: 9/12
  1622 | D:2      | Learned a level 3 spell: Conjure Flame
  2061 | D:3      | Learned a level 4 spell: Sticky Flame
  2154 | D:3      | Reached XP level 5. HP: 16/28 MP: 11/14
  2190 | D:3      | Learned a level 5 spell: Fireball
  2439 | D:3      | Reached skill level 5 in Spellcasting
  3795 | D:4      | Reached skill level 5 in Fire Magic
  3795 | D:4      | Reached XP level 6. HP: 24/32 MP: 6/16
  4848 | D:4      | Found a burning altar of Makhleb.
  4900 | D:5      | Entered Level 5 of the Dungeon
  4926 | D:5      | Noticed Menkaure
  4930 | D:5      | Killed Menkaure
  4930 | D:5      | Reached skill level 6 in Spellcasting
  4930 | D:5      | Reached XP level 7. HP: 36/36 MP: 14/18
  5126 | D:5      | Noticed Blork the orc
  5134 | D:5      | Killed Blork the orc
  5134 | D:5      | Reached skill level 5 in Conjurations
  5522 | D:5      | Reached skill level 7 in Spellcasting
  5892 | D:5      | Found a white marble altar of Elyvilon.
  5969 | D:6      | Reached XP level 8. HP: 14/41 MP: 3/21
  6351 | D:6      | Reached skill level 8 in Spellcasting
  6978 | D:6      | Found a shattered altar of Ashenzari.
  6978 | D:6      | Found a glowing golden altar of the Shining One.
  7010 | D:6      | Noticed a hippogriff
  7017 | D:6      | Killed a hippogriff
  7017 | D:6      | Reached skill level 9 in Spellcasting
  7084 | D:6      | Noticed Eustachio
  7089 | D:6      | Killed Eustachio
  7112 | D:6      | Reached XP level 9. HP: 38/45 MP: 4/24
  7360 | D:6      | Found a sacrificial altar of Ru.
  7364 | D:6      | Found a blossoming altar of Fedhas.
  7364 | D:6      | Found an opulent altar of Gozag.
  7364 | D:6      | Found a sparkling altar of Nemelex Xobeh.
  7374 | D:6      | Found a hide-covered altar of Uskayaw.
  7392 | D:6      | Found a glowing silver altar of Zin.
  7416 | D:6      | Found a hazy altar of Hepliaklqana.
  7470 | D:6      | Noticed Sigmund
  7478 | D:6      | Killed Sigmund
  7790 | D:7      | Reached skill level 10 in Spellcasting
  7942 | D:7      | Noticed Pikel
  7960 | D:7      | Killed Pikel
  8271 | D:7      | Found an ancient bone altar of Kikubaaqudgha.
  8347 | D:7      | Found a staircase to the Ecumenical Temple.
  8364 | Temple   | Entered the Ecumenical Temple
  8410 | Temple   | Became a worshipper of Vehumet
  8433 | D:7      | Learned a level 5 spell: Venom Bolt
  9052 | D:7      | Reached skill level 11 in Spellcasting
  9177 | D:7      | Reached XP level 10. HP: 49/50 MP: 11/27
  9445 | D:7      | Reached * piety under Vehumet
  9445 | D:7      | Offered knowledge of Freeze by Vehumet.
  9799 | D:7      | Found a shimmering altar of Xom.
 10021 | D:7      | Reached skill level 10 in Fire Magic
 11393 | D:8      | Noticed a two-headed ogre
 11407 | D:8      | Killed a two-headed ogre
 11407 | D:8      | Reached skill level 12 in Spellcasting
 11407 | D:8      | Reached skill level 10 in Conjurations
 11449 | D:8      | Reached ** piety under Vehumet
 11449 | D:8      | Offered knowledge of Searing Ray by Vehumet.
 12321 | D:9      | Offered knowledge of Ignite Poison by Vehumet.
 12373 | D:9      | Noticed Psyche
 12376 | D:9      | Killed Psyche
 12683 | D:9      | Reached XP level 11. HP: 55/55 MP: 19/29
 12700 | D:9      | Reached skill level 1 in Fighting
 13182 | D:10     | Entered Level 10 of the Dungeon
 13302 | D:10     | Reached *** piety under Vehumet
 13490 | D:10     | Found a staircase to the Lair.
 13792 | D:10     | Offered knowledge of Iskenderun's Mystic Blast by Vehumet.
 13821 | D:10     | Noticed a two-headed ogre
 14151 | D:10     | Found a staircase to the Orcish Mines.
 14189 | D:10     | Noticed a deep elf mage
 14191 | D:10     | Killed a deep elf mage
 14272 | D:10     | Reached skill level 13 in Spellcasting
 14771 | D:10     | Killed a two-headed ogre
 14771 | D:10     | Reached **** piety under Vehumet
 14947 | Lair:1   | Entered Level 1 of the Lair of Beasts
 15026 | Lair:1   | Offered knowledge of Airstrike by Vehumet.
 15276 | Lair:1   | Found the +27 Lear's hauberk
 15372 | Lair:1   | Reached skill level 5 in Dodging
 15979 | Lair:1   | Got a slimy mace
 15980 | Lair:1   | Identified the +11 mace of the Eternal Void {distort, rF+
                  | rN+ Dex-4 Stlth+} (You found it on level 1 of the Lair of
                  | Beasts)
 16254 | Lair:2   | Noticed a dire elephant
 16353 | Lair:2   | Reached XP level 12. HP: 49/66 MP: 11/31
 16608 | Lair:3   | Reached ***** piety under Vehumet
 16747 | Lair:3   | Offered knowledge of Irradiate by Vehumet.
 17098 | Lair:3   | Found a staircase to the Shoals.
 17187 | Lair:3   | Reached skill level 14 in Spellcasting
 17946 | Lair:4   | Noticed an eight-headed hydra
 18503 | Lair:4   | Reached skill level 5 in Fighting
 18604 | Lair:4   | Found a hole to the Spider Nest.
 18850 | Lair:4   | Killed an eight-headed hydra
 19710 | Lair:5   | Offered knowledge of Conjure Ball Lightning by Vehumet.
 20754 | Lair:5   | Noticed a catoblepas
 20765 | Lair:5   | Killed a catoblepas
 20765 | Lair:5   | Reached XP level 13. HP: 71/72 MP: 11/33
 20898 | Lair:6   | Entered Level 6 of the Lair of Beasts
 20919 | Lair:6   | Noticed Urug
 20923 | Lair:6   | Killed Urug
 21004 | Lair:6   | Noticed Sonja
 21009 | Lair:6   | Noticed a death ooze
 21011 | Lair:6   | Killed a death ooze
 21011 | Lair:6   | Noticed a death ooze
 21012 | Lair:6   | Killed Sonja
 21012 | Lair:6   | Noticed a death ooze
 21013 | Lair:6   | Killed a death ooze
 21013 | Lair:6   | Reached skill level 15 in Spellcasting
 21018 | Lair:6   | Killed a death ooze
 21296 | Lair:6   | Noticed a death ooze
 21299 | Lair:6   | Killed a death ooze
 21393 | Lair:6   | Noticed a death ooze
 21394 | Lair:6   | Noticed a death ooze
 21395 | Lair:6   | Killed a death ooze
 21395 | Lair:6   | Killed a death ooze
 21585 | Lair:6   | Found a viscous altar of Jiyva.
 21753 | Lair:6   | Noticed an acid blob
 21759 | Lair:6   | Killed an acid blob
 22039 | Lair:6   | Reached skill level 10 in Dodging
 22709 | Lair:6   | Found a runed door.
 22709 | Lair:6   | Found a viscous altar of Jiyva.
 22713 | Lair:6   | Found a staircase to the Slime Pits.
 22714 | Lair:6   | Noticed an acid blob
 23305 | Lair:6   | Noticed a dire elephant
 23314 | Lair:6   | Killed a dire elephant
 23314 | Lair:6   | Reached skill level 16 in Spellcasting
 23412 | Lair:6   | Noticed a dire elephant
 23412 | Lair:6   | Noticed a dire elephant
 23479 | Lair:6   | Noticed a dire elephant
 23484 | Lair:6   | Killed a dire elephant
 23582 | Lair:6   | Killed a dire elephant
 23608 | Lair:6   | Mangled by a dire elephant

Vault maps used:
D:1:      minmay_arrival_stone_box, chequers_serial_rivers_marsh,
          minmay_misc_feat_iff, minmay_misc_feat_x, lemuel_old_faithful
D:2:      dk_xom_monty_hall
D:3:      minmay_chambers_of_threes
D:4:      lightli_temple_of_fire, minmay_misc_feat_alley
D:5:      old_standard_altar, first_ration, uniq_menkaure, uniq_blork_the_orc
D:6:      hangedman_cross_stitches, minitemple, nicolae_overflow_crystal_walls,
          zin_academy, gammafunk_temple_overflow_elements, uniq_eustachio,
          uniq_sigmund
D:7:      kennysheep_seaside_town, kiku_gazebo_garden_becter, kennysheep_mini,
          minmay_temple_entry_offerings, uniq_pikel
D:8:      basic_loot_grate_trap
D:9:      kennysheep_potato, uniq_psyche
D:10:     lair_entry_dummy, orc_0_dummy, hangedman_stone_soup
Temple:   compressed_dpeg_triangle_lava_temple
Lair:1:   lemuel_fruit_tree
Lair:2:   mu_elephants_graveyard
Lair:3:   minmay_shoals_entry_lonely_mermaid
Lair:4:   nicolae_spider_entry_non_spiders, grunt_megastairs_5
Lair:5:   cheibrodos_lair_caveside_slide, hibernation_bobbens
Lair:6:   due_jungle_book, slime_altar_2, special_room,
          infiniplex_staircase_pool_2, minmay_lair_oklob_chamber,
          serial_bayou_shore_b, uniq_urug, uniq_sonja

Skill      XL: |  1  2  3  4  5  6  7  8  9 10 11 12 13 |
---------------+----------------------------------------+-----
Conjurations   | 2 3 4 5 7 9 10 11 12 13 | 13.7
Spellcasting   | 4 5 6 7 9 11 12 13 14 16 | 16.1
Fire Magic     | 4 5 6 8 9 11 12 14 | 14.0
Dodging        | 3 6 8 10 | 10.0
Fighting       | 3 5 |  5.0
Stealth        | |  2.4

Action                   |  1- 3 |  4- 6 |  7- 9 | 10-12 | 13-15 || total
-------------------------+-------+-------+-------+-------+-------++-------
Melee: Unarmed           |    15 |       |       |       |       ||    15
       Spear             |       |    11 |       |       |       ||    11
       Hand axe          |       |       |    27 |       |       ||    27
       Falchion          |       |       |     2 |    10 |       ||    12
       Scimitar          |       |       |       |     4 |    16 ||    20
Throw: Throwing net      |       |       |       |     1 |       ||     1
 Cast: Flame Tongue      |    60 |   133 |   215 |    99 |       ||   507
       Sticky Flame      |       |       |    13 |    27 |     6 ||    46
       Fireball          |       |       |    16 |   213 |    98 ||   327
       Venom Bolt        |       |       |     8 |    16 |       ||    24
       Conjure Flame     |       |       |     4 |     1 |       ||     5
Evoke: Wand              |       |       |       |       |     1 ||     1
  Use: Scroll            |     2 |     2 |       |    10 |     2 ||    16
  Eat: Chunk             |     2 |     9 |    19 |    36 |     7 ||    73
       Ration            |       |       |       |     4 |     1 ||     5
Armor: Robe              |    12 |    11 |    12 |    16 |       ||    51
       Troll leather arm |       |       |       |     8 |     1 ||     9
Dodge: Dodged            |    33 |    32 |    42 |    51 |    14 ||   172
       Rpst.: Falchion   |       |       |     2 |     7 |       ||     9
       Scimitar          |       |       |       |     2 |     2 ||     4

Table legend:
 A = Non-vault XP
 B = Vault XP
 C = Vault XP percentage of total XP
 D = Non-vault monster count
 E = Vault monster count
 F = Vault count percentage of total count
                 A         B        C        D         E       F
            +---------+---------+-------+---------+---------+-------
      Total |   33389 |   29061 |  46.5 |     329 |     112 |  25.4
            +---------+---------+-------+---------+---------+-------
        D:1 |      24 |       0 |   0.0 |      15 |       0 |   0.0
        D:2 |      52 |      88 |  62.9 |      21 |       3 |  12.5
        D:3 |     119 |      56 |  32.0 |      25 |      10 |  28.6
        D:4 |     238 |       2 |   0.8 |      16 |       1 |   5.9
        D:5 |     428 |     268 |  38.5 |      19 |       2 |   9.5
        D:6 |    1077 |    1189 |  52.5 |      25 |       9 |  26.5
        D:7 |     830 |    1975 |  70.4 |      20 |      22 |  52.4
        D:8 |    2537 |       0 |   0.0 |      28 |       0 |   0.0
        D:9 |    1764 |     637 |  26.5 |      30 |       3 |   9.1
       D:10 |    3577 |     994 |  21.7 |      35 |       4 |  10.3
     Lair:1 |    2067 |       0 |   0.0 |      10 |       0 |   0.0
     Lair:2 |    1831 |    2406 |  56.8 |       9 |       5 |  35.7
     Lair:3 |    4238 |     481 |  10.2 |      20 |       1 |   4.8
     Lair:4 |    5662 |    1782 |  23.9 |      27 |      15 |  35.7
     Lair:5 |    2792 |     933 |  25.0 |      13 |       1 |   7.1
     Lair:6 |    6153 |   18250 |  74.8 |      16 |      36 |  69.2
            +---------+---------+-------+---------+---------+-------
